[Event "BL 2016-17"]
[Site "St. Veit/Glan"]
[Date "2017.03.26"]
[Round "8"]
[White "Gelbenegger, Patrick"]
[Black "Gerhold, Michael"]
[Result "0-1"]
[ECO "C03"]
[WhiteElo "2054"]
[BlackElo "2221"]
[Annotator "NA"]
[PlyCount "122"]
[EventDate "2017.??.??"]
[EventType "team-tourn"]
[EventCountry "AUT"]
[SourceTitle "playchess.com"]
[Source "ChessBase"]
[SourceQuality "1"]
[WhiteTeam "St. Valentin"]
[BlackTeam "Absam"]
[TimeControl "40/5400+30:1800+30"]

1. e4 e6 2. d4 d5 3. Nd2 a6 4. c3 c5 5. exd5 exd5 6. Ngf3 Nf6 {[%emt 0:00:36] C08: French Tarrasch: 3...c5 4 exd5 exd5 sidelines} (6... Nc6 7. dxc5 Bxc5 8. Nb3 Bb6 9. Nfd4 Nf6 10. Bg5 O-O 11. Be2 h6 12. Bh4 g5 13. Bg3 Ne4 14. f3 Nxg3 15. hxg3 {0-1 (51) Dvalishvili,P (2450)-Grachev,B (2668) Moscow 2010}) 7. Be2 Nc6 8. O-O cxd4 9. Nxd4 Nxd4 10. cxd4 Bd6 11. Bf3 O-O 12. Re1 Be6 $146 (12... Qb6 13. Nf1 Bf5 14. Bg5 {0-1 (46) Bakalarz,L-Vicinic,P (2315) Naleczow 1986}) 13. Qb3 Qd7 14. Nf1 Rac8 15. Ne3 Bb8 16. Bd2 Ba7 17. Bb4 Rfe8 18. Qd3 h6 19. Rac1 Rc6 20. Rxc6 Qxc6 21. Bd1 Rc8 22. Bb3 Qd7 23. f3 Nh5 24. Bc2 g6 25. g3 Ng7 26. Bb3 h5 27. Qd2 Qd8 28. Kg2 h4 29. Bxd5 Bxd5 30. Be7 h3+ 31. Kg1 Qxe7 32. Nxd5 Qd8 33. Ne7+ Kh7 34. Nxc8 Qxc8 35. Kh1 Qf5 36. Re3 Ne6 37. Rd3 Nxd4 38. Qd1 g5 39. g4 Qe5 40. Qf1 Kg7 41. Rd1 Ne6 42. Qxh3 Nf4 ({Not} 42... Qxb2 43. Qg2 Qc3 44. Qf1 $19) 43. Qf1 Qxb2 44. Rb1 Qxa2 45. Rxb7 Bd4 46. Rb4 Ne6 47. Rb1 Be5 48. Qg1 Qe2 49. Qg2 Qd3 50. Re1 $19 Bc3 51. Rf1 Nf4 52. Qf2 Bd4 53. Qe1 Qc2 54. Qg3 a5 55. h4 Qd3 56. Re1 Bc3 57. Re8 Qd1+ 58. Kh2 Qd2+ 59. Kh1 gxh4 60. Qg1 Bd4 61. Qf1 h3 0-1

[Event "BL 2016-17"]
[Site "Germany"]
[Date "2017.02.19"]
[Round "8.5"]
[White "Commercon, Simon"]
[Black "Kolbus, Dietmar"]
[Result "1/2-1/2"]
[ECO "D78"]
[WhiteElo "2290"]
[BlackElo "2308"]
[Annotator "TA RC"]
[PlyCount "101"]
[EventDate "2017.??.??"]
[EventType "team-tourn"]
[EventCountry "GER"]
[SourceTitle "playchess.com"]
[Source "ChessBase"]
[SourceQuality "1"]
[WhiteTeam "Speyer-Schwegenheim"]
[BlackTeam "SG Trier"]
[TimeControl "40/6000+30:3000+30"]

1. d4 Nf6 2. g3 g6 3. Bg2 d5 4. Nf3 Bg7 5. c4 dxc4 6. Qc2 O-O 7. Qxc4 c6 8. O-O Na6 9. Bf4 Be6 10. Qc1 Bd5 11. Be5 Nb8 12. Nc3 Nbd7 13. Bf4 Rc8 14. Qb1 Bc4 15. Re1 Nd5 16. Bd2 Nxc3 17. bxc3 Ba6 18. Bh3 Ra8 19. e4 Nb6 20. e5 Qd5 21. Bg2 c5 22. Ng5 Qc4 23. Qe4 cxd4 24. cxd4 Rfd8 25. Be3 Nd5 26. Rec1 Qd3 27. Rc5 Nxe3 28. fxe3 Qxe4 29. Nxe4 f6 30. exf6 exf6 31. Rc7 Rac8 32. Rac1 b6 33. Kf2 h6 34. Nd2 f5 35. Nb3 Rxc7 36. Rxc7 Rc8 37. Bd5+ Kh7 38. Rxa7 Rc2+ 39. Ke1 Rxa2 40. Bc4 Bxc4 41. Rxa2 Bxb3 42. Rb2 Bd5 43. Rxb6 Bf8 44. Kd2 Kg7 45. Kd3 Kf7 46. Kc3 h5 47. Ra6 Be7 48. Kd3 Bf8 49. Rb6 Be7 50. Ra6 Bf8 51. Rb6 1/2-1/2

[Event "BL 2016-17"]
[Site "Germany"]
[Date "2017.02.19"]
[Round "8.6"]
[White "Cioara, Andrei-Nestor"]
[Black "Mager, Denis"]
[Result "1-0"]
[ECO "B50"]
[WhiteElo "2442"]
[BlackElo "2320"]
[Annotator "TA RC"]
[PlyCount "71"]
[EventDate "2017.??.??"]
[EventType "team-tourn"]
[EventCountry "GER"]
[SourceTitle "playchess.com"]
[Source "ChessBase"]
[SourceQuality "1"]
[WhiteTeam "SG Trier"]
[BlackTeam "Speyer-Schwegenheim"]
[TimeControl "40/6000+30:3000+30"]

1. e4 c5 2. Nf3 d6 3. c3 Nf6 4. Be2 g6 5. O-O Bg7 6. Bb5+ Bd7 7. Bxd7+ Nbxd7 8. Re1 O-O 9. d4 e5 10. Bg5 h6 11. Bh4 Qe7 12. Na3 a6 13. Nc4 b5 14. Ne3 Qe6 15. dxc5 dxc5 16. Qc2 Nb6 17. Red1 Rfd8 18. b3 c4 19. Nd2 Rd6 20. bxc4 bxc4 $14 21. a4 a5 22. Rdb1 Rad8 23. Ndf1 Rd3 24. f3 R8d6 25. Rb5 Nfd7 26. Rxa5 f5 27. Rb5 Nf6 28. Bxf6 Bxf6 29. a5 Nd7 30. Nd5 Bg5 31. Nc7 Qf7 32. a6 Nb6 33. Rxb6 Rxb6 34. a7 Rd8 35. a8=Q Rxa8 36. Rxa8+ 1-0